 Dungeon Crawl Stone Soup version 0.30-a0-989-g0d87f670db (webtiles) character file.

Game seed: 12091754081786456459

112 DeathPants the Slasher (level 4, 0/24 HPs)
             Began as a Vine Stalker Monk on Apr 3, 2023.
             Slain by a hobgoblin
             ... wielding a +0 club
              (2 damage)
             ... on level 3 of the Dungeon.
             The game lasted 00:05:30 (2039 turns).

DeathPants the Slasher (Vine Stalker Monk)          Turns: 2039, Time: 00:05:31

Health: 0/24       AC:  4    Str: 13    XL:     4   Next: 93%
Magic:  0/7        EV: 12    Int: 12    God:
Gold:   108        SH:  0    Dex: 17    Spells: 6/6 levels left

rFire   . . .      SeeInvis +    a - +6 scimitar of Akhib {heavy, Drain rElec rPois SInv}
rCold   . . .      Faith    .    (no shield)
rNeg    . . .      Spirit   +    o - +0 leather armour
rPois   +          Reflect  .    (no helmet)
rElec   +          Rampage  .    (no cloak)
rCorr   .                        (no gloves)
Will    .....                    m - +0 pair of boots
Stlth   ++                       (no amulet)
HPRegen 1.04/turn                (no ring)
MPRegen 0.10/turn                (no ring)

@: studying Shields
A: fangs 2, regeneration 1, magic shield, antimagic bite, no potion heal 2
a: no special abilities


You were on level 3 of the Dungeon.
You visited 1 branch of the dungeon, and saw 3 of its levels.

You collected 108 gold pieces.

Inventory:

Hand Weapons
 a - the +6 scimitar of Akhib (weapon) {heavy, Drain rElec rPois SInv}
   (You acquired it on level 2 of the Dungeon)

   rElec:     It insulates you from electricity.
   rPois:     It protects you from poison.
   SInv:      It lets you see invisible.
   Drain:     It drains your maximum health when unequipped.
Missiles
 g - 9 poisoned darts (quivered)
 q - 5 datura-tipped darts
Armour
 b - a +0 robe
 m - a +0 pair of boots (worn)
 o - a +0 leather armour (worn)
Scrolls
 d - a scroll of teleportation
 j - a scroll of identify {unknown}
 k - a scroll of summoning {unknown}
 l - a scroll of noise {unknown}
 n - a scroll of blinking {unknown}
 r - a scroll of immolation {unknown}
Potions
 c - a potion of ambrosia
 e - a potion of heal wounds {unknown}
 f - a potion of haste {unknown}
 i - a potion of attraction {unknown}
 p - a potion of mutation {unknown}


   Skills:
 + Level 3.3 Fighting
 * Level 4.0 Long Blades
 - Level 2.4 Dodging
 - Level 2.4 Stealth
 + Level 1.9 Spellcasting


You had 6 spell levels left.
You didn't know any spells.
Your spell library contained the following spells:

 Spells                   Type           Power      Damage    Failure   Level
 Hailstorm                Conj/Ice       1%         3d3       71%         3
 Kindle Blastsparks       Fire/Tloc/Air  2%         2d10      71%         3
 Fulminant Prism          Conj/Hex       0%         3d5       98%         4
 Ice Form                 Ice/Tmut       1%         N/A       98%         4
 Iskenderun's Mystic Bla  Conj/Tloc      1%         2d3       98%         4
 Lee's Rapid Deconstruct  Erth           0%         3d4*      100%        5
 Simulacrum               Ice/Necr       0%         N/A       100%        6


Dungeon Overview and Level Annotations

Branches:
Dungeon (3/15)

Altars:


Innate Abilities, Weirdness & Mutations

You have extremely sharp teeth.
Your natural rate of healing is unusually fast.
When hurt, damage is shared between your health and your magic reserves.
Your bite disrupts and absorbs the magic of your enemies.
Potions cannot restore your health.


Message History

e - a bubbling ruby potion You see here a +0 club.
There is an open door here.
You open the door. 2 goblins and 2 hobgoblins come into view.
A hobgoblin comes into view. It is wielding a +0 club.
The hobgoblin shouts! x2; The goblin shouts!
The hobgoblin shouts!
There is an open door here.
You closely miss the hobgoblin. Your bite misses the hobgoblin.
The hobgoblin barely misses you. The goblin closely misses you.
The hobgoblin hits you with a +0 club.
You barely miss the goblin. Your bite misses the goblin.
The hobgoblin closely misses you. The hobgoblin misses you.
The goblin hits you but does no damage. The hobgoblin closely misses you.
The goblin hits you with a +0 club. The hobgoblin closely misses you.
You slice the goblin!!
You kill the goblin!
The hobgoblin closely misses you. The hobgoblin hits you with a +0 club.
The goblin unwields a +0 sling.
The goblin barely misses you. The hobgoblin barely misses you. x2
You closely miss the goblin. Your bite misses the goblin.
The hobgoblin misses you. The hobgoblin closely misses you.
The goblin barely misses you.
You hit the goblin.
You kill the goblin!
The hobgoblin hits you with a +0 club. x3; The hobgoblin misses you.
The hobgoblin closely misses you.
You closely miss the hobgoblin. Your bite misses the hobgoblin.
The hobgoblin hits you with a +0 club. x5
* * * LOW HITPOINT WARNING * * *
The hobgoblin hits you with a +0 club.
* * * LOW HITPOINT WARNING * * *
You slice the hobgoblin!!
You kill the hobgoblin!
The hobgoblin hits you with a +0 club.
* * * LOW HITPOINT WARNING * * *
The hobgoblin barely misses you. x2
The hobgoblin hits you but does no damage.
The hobgoblin hits you with a +0 club.
You die...

###############
#.....))#.....##
#......)'......##
#########.))....#
.........)....#
........))....+
..............#
#########.......#
#.....)g@......##
#......g#.....##
###############


You could see 2 hobgoblins.

Vanquished Creatures
  5 adders (D:2)
  4 dart slugs
  2 worms (D:2)
  4 bats
  7 endoplasms
  A giant cockroach (D:1)
  10 goblins
  6 hobgoblins
  3 kobolds
  A quokka (D:1)
  5 ball pythons
  A frilled lizard (D:1)
  A rat (D:1)
50 creatures vanquished.

Notes
Turn   | Place    | Note
-------+----------+-------------------------------------------
     0 | D:1      | DeathPants the Vine Stalker Monk began the quest for the
                  | Orb.
     0 | D:1      | Reached XP level 1. HP: 11/11 MP: 2/2
   101 | D:1      | Reached XP level 2. HP: 16/16 MP: 3/3
   105 | D:1      | Reached skill level 3 in Long Blades
   122 | D:1      | Found a faded altar of an unknown god.
   710 | D:1      | Reached skill level 1 in Spellcasting
   710 | D:1      | Reached XP level 3. HP: 15/19 MP: 5/5
  1131 | D:2      | Gained mutation: Your natural rate of healing is unusually
                  | fast. [Vine Stalker growth]
  1131 | D:2      | Reached XP level 4. HP: 6/24 MP: 3/7
  1910 | D:2      | Identified 2 scrolls of acquirement
  1910 | D:2      | Acquired the +6 scimitar of Akhib {heavy, Drain rElec rPois
                  | SInv}
  1914 | D:2      | Acquired a manual of Shields
  2006 | D:3      | Reached skill level 4 in Long Blades
  2038 | D:3      | HP: 1/24 [hobgoblin/+0 club (5)]
  2039 | D:3      | Slain by a hobgoblin

Illustrated notes

Levels and vault maps discovered:
D:1:      mainiacjoe_arrival_reflecting_pool, layout_basic,
          basic_ecumenical_altar, serial_glass, glass_columns_c,
          glass_columns_b, minmay_strange_pillars
D:2:      wad_crossroads, layout_basic, hangedman_decor_lopped, st_stairs_14
D:3:      minmay_goblin_kobold_castle, layout_basic,
          mainiacjoe_overflow_six_doors_small, serial_shops, shop_statue,
          uniq_natasha

Skill      XL: |  1  2  3  4 |
---------------+-------------+-----
Long Blades    | 3 4 |  4.0
Spellcasting   | 1 |  1.9
Fighting       | 3 |  3.3
Dodging        | |  2.4
Stealth        | |  2.4

Action                     |  1- 3 |  4- 6 || total
---------------------------+-------+-------++-------
  Melee: Falchion          |    75 |    40 ||   115
         Bite              |    12 |    18 ||    30
         Punch             |     1 |       ||     1
         Scimitar          |       |    25 ||    25
    Use: Scroll            |       |     4 ||     4
   Stab: Sleeping          |     3 |     2 ||     5
 Armour: Robe              |    12 |       ||    12
         Leather armour    |     6 |    27 ||    33
  Dodge: Dodged            |    44 |    72 ||   116

Table legend: (Time is in decaauts)
 A = Elapsed time spent in this place.
 B = Non-inter-level travel time spent in this place.
 C = Inter-level travel time spent in this place.
 D = Time resting spent in this place.
 E = Time spent auto-exploring this place.
 F = Levels seen in this place.
 G = Mean time per level.
                   A        B        C        D        E       F      G
               +--------+--------+--------+--------+--------+-----+--------+
         Total |   2076 |   2050 |     26 |     93 |   1404 |   3 |  692.0 |
       Dungeon |   2076 |   2050 |     26 |     93 |   1404 |   3 |  692.0 |
               +--------+--------+--------+--------+--------+-----+--------+

Top non-repeatable levels by time:
     D:2: 1176 daAuts
     D:1: 759 daAuts
     D:3: 140 daAuts
